 Dungeon Crawl Stone Soup version 0.27-a0-96-gb51a1d6fd6 (webtiles) character file.

Game seed: 17612090984273228409

35926 Essalna the Eclecticist (level 13, -7/76 HPs)
             Began as a Deep Elf Air Elementalist on Jan 19, 2021.
             Was an Elder of Vehumet.
             Mangled by a boulder beetle (15 damage)
             ... on level 6 of the Lair of Beasts.
             The game lasted 00:55:48 (22393 turns).

Essalna the Eclecticist (DEAE)                     Turns: 22393, Time: 00:55:49

Health: -7/76      AC: 15    Str:  7    XL:     13   Next: 50%
Magic:  16/35      EV: 19    Int: 26    God:    Vehumet [****..]
Gold:   1115       SH:  0    Dex: 15    Spells: 28/44 levels left

rFire    . . .     SeeInvis +   U - +7 short sword of Iqatesu {vorpal, rPois Str+2 Stlth+}
rCold    . . .     Faith    .   (no shield)
rNeg     . . .     Spirit   .   H - +1 robe of Gucupt {Rampage Int+2 SInv}
rPois    +         Reflect  .   C - +1 hat
rElec    .         Harm     .   p - +0 cloak
rCorr    .         Rampage  +   k - +1 pair of gloves
Will     +....                  (no boots)
Stlth    +++.......             (no amulet)
HPRegen  0.22/turn              L - +4 ring of protection
MPRegen  0.24/turn              J - +4 ring of protection

@: no status effects
A: dopey 1, MP-powered wands
a: Renounce Religion


You were on level 6 of the Lair of Beasts.
You worshipped Vehumet.
Vehumet was greatly pleased with you.
You visited 3 branches of the dungeon, and saw 17 of its levels.
You also visited: Sewer.

You collected 1115 gold pieces.

Inventory:

Hand Weapons
 c - a +0 whip
 t - a +3 dagger
 G - a +3 dagger of venom
 I - a +2 dagger of venom
 U - the +7 short sword of Iqatesu (weapon) {vorpal, rPois Str+2 Stlth+}
   (You found it on level 4 of the Lair of Beasts)

   It inflicts extra damage upon your enemies.
   It affects your strength (+2).
   It protects you from poison.
   It makes you more stealthy.
 X - the cursed +0 broad axe "Kuekif" {protect, rF+ Str+3, unknown}
   (You found it on level 5 of the Lair of Beasts)

   It grants its wielder temporary protection when it strikes (+7 to AC).
   It affects your strength (+3).
   It protects you from fire.
   It has a curse placed upon it.
Armour
 a - a +0 robe
 b - a +0 helmet
 k - a +1 pair of gloves (worn)
 p - a +0 cloak (worn)
 C - a +1 hat (worn)
 E - a +0 robe
 H - the +1 robe of Gucupt (worn) {Rampage Int+2 SInv}
   (You took it off an orc wizard on level 9 of the Dungeon)

   It affects your intelligence (+2).
   It lets you see invisible.
   It bestows one free step when moving towards enemies.
 W - a +0 buckler
Magical Staves
 D - an uncursed staff of earth
 N - an uncursed staff of death
 V - an uncursed staff of conjuration
Jewellery
 r - an uncursed ring of protection from cold
 J - a +4 ring of protection (right hand)
 L - a +4 ring of protection (left hand)
 T - a -4 ring of intelligence
Wands
 f - a wand of flame (29)
 n - a wand of digging (10)
 O - a wand of polymorph (8)
 P - a wand of iceblast (20)
Scrolls
 g - 2 scrolls of enchant weapon
 h - 3 scrolls of amnesia
 l - 6 scrolls of remove curse
 y - 3 scrolls of enchant armour
 z - 10 scrolls of identify
 B - a scroll of immolation
 K - a scroll of magic mapping
Potions
 e - 3 potions of might
 i - 2 potions of lignification
 j - a potion of degeneration
 o - 4 potions of haste
 q - 6 potions of brilliance
 s - 5 potions of mutation
 v - 3 potions of heal wounds {unknown}
 w - 2 potions of magic {unknown}
 x - 2 potions of attraction {unknown}
 A - 5 potions of flight {unknown}
 F - a potion of resistance {unknown}
 M - a potion of cancellation {unknown}


   Skills:
 + Level 6.7 Fighting
 - Level 3.0 Armour
 + Level 10.0 Dodging
 - Level 2.4 Stealth
 + Level 3.0 Shields
 + Level 16.0 Spellcasting
 - Level 3.3 Conjurations
 + Level 8.4 Fire Magic
 + Level 12.9 Air Magic


You had 28 spell levels left.
You knew the following spells:

 Your Spells              Type           Power        Failure   Level
a - Shock                 Conj/Air       100%         1%          1
b - Swiftness             Air            73%          1%          2
c - Airstrike             Air            36%          1%          4
d - Fireball              Conj/Fire      25%          1%          5
e - Summon Lightning Spi  Summ/Air       53%          1%          4

Your spell library contained the following spells:

 Spells                   Type           Power        Failure   Level
 Frozen Ramparts          Ice            40%          2%          3
 Foxfire                  Conj/Fire      100%         1%          1
 Magic Dart               Conj           100%         1%          1
 Conjure Flame            Conj/Fire      51%          1%          3
 Inner Flame              Hex/Fire       42%          1%          3
 Mephitic Cloud           Conj/Pois/Air  49%          1%          3
 Static Discharge         Conj/Air       58%          1%          3
 Sticky Flame             Conj/Fire      51%          1%          4
 Lightning Bolt           Conj/Air       29%          1%          5
 Summon Small Mammal      Summ           80%          2%          1
 Blink                    Tloc           N/A          3%          2
 Call Imp                 Summ           20%          3%          2
 Slow                     Hex            20%          3%          2
 Call Canine Familiar     Summ           20%          8%          3
 Summon Guardian Golem    Hex/Summ       20%          8%          3
 Summon Ice Beast         Ice/Summ       20%          24%         4


Dungeon Overview and Level Annotations

Branches:
Dungeon (10/15)            Temple (1/1) D:4            Lair (6/6) D:9
 Shoals (0/4) Lair:3       Spider (0/4) Lair:4        Slime (0/5) Lair:5
  Sewer (visited)
    Orc: D:9-12

Altars:
Ashenzari
Cheibriados
Dithmenos
Elyvilon
Fedhas
Gozag
Hepliaklqana
Kikubaaqudgha
Makhleb
Nemelex Xobeh
Okawaru
Qazlal
Ru
Sif Muna
Trog
Uskayaw
Vehumet
Wu Jian
Xom
Yredelemnul
Zin
The Shining One


Innate Abilities, Weirdness & Mutations

You are dopey. (Int -2)
You expend magic power (3 MP) to strengthen your wands.


Message History

The air twists around and strikes the boulder beetle.
The boulder beetle is lightly wounded.
The boulder beetle bites you but does no damage.
Casting: Airstrike (safe; 1% risk of failure)
Confirm with . or Enter, or press ? or * to list all spells.
Aiming: Airstrike (safe; 1% risk of failure)
Press: ? - help, Dir - move target, f/p - boulder beetle
Aim: a boulder beetle (lightly wounded)
The air twists around and strikes the boulder beetle but does no damage.
The boulder beetle bites you.
* * * LOW HITPOINT WARNING * * *
Casting: Airstrike (safe; 1% risk of failure)
Confirm with . or Enter, or press ? or * to list all spells.
Aiming: Airstrike (safe; 1% risk of failure)
Press: ? - help, Dir - move target, f/p - boulder beetle
Aim: a boulder beetle (lightly wounded)
The air twists around and strikes the boulder beetle!
The boulder beetle is moderately wounded.
The boulder beetle bites you!
You die...

#...... #)......y
##.....# # #..FSYY.
##....... .###...YS.k
........# ..##.....YY.
........## .. ##.......
....(....#.#...#........
........................
....#.#B#P#.PP###...#...
### #.#@### ### #.###P##
# ### #. ### ##


You could see a boulder beetle.

Vanquished Creatures
  The ghost of Morbidden the Archer, a journeyman VSHu of Gozag (Lair:5)
  7 hydras
  Urug (Lair:5)
  Sonja (Lair:1)
  A sea snake (Lair:6)
  A harpy (Lair:6)
  3 elephants
  Psyche (D:9)
  2 black mambas
  A merfolk siren (Lair:3)
  Maurice (D:9)
  6 cane toads
  8 rime drakes
  14 komodo dragons
  3 jumping spiders (Lair:4)
  2 hornets (Lair:6)
  3 polar bears
  Prince Ribbit (Lair:2)
  14 blink frogs
  2 dream sheep (Lair:6)
  5 redbacks (Lair:4)
  25 yaks
  A basilisk (Lair:6)
  3 wyverns
  Menkaure (D:4)
  2 wargs (D:9)
  13 water moccasins
  A sky beast (D:6)
  2 black bears
  5 ice beasts
  3 orc warriors
  Purgy (Sewer)
  4 centaurs
  11 wolves
  4 ogres
  A big kobold (D:7)
  15 bullfrogs
  2 scorpions
  24 killer bees
  12 wights
  3 howler monkeys
  A centaur zombie (D:6)
  2 hounds
  8 orc priests
  2 bullfrog skeletons
  2 jellies
  14 orc wizards
  3 centaur skeletons
  Terence (D:3)
  11 worker ants
  7 adders
  2 howler monkey skeletons
  A shadow imp (D:9)
  A white imp (D:7)
  2 ufetubi
  2 oozes (D:1)
  An adder zombie (D:8)
  2 adder skeletons
  5 worms
  3 dart slugs
  4 leopard geckos
  41 orcs
  A ball python (D:5)
  7 bats
  2 giant cockroaches
  5 goblins
  5 hobgoblins
  11 jackals
  10 kobolds
  A quokka (D:3)
  3 frilled lizards
  A jackal skeleton (D:4)
  A leopard gecko skeleton (D:5)
  A leopard gecko zombie (D:5)
  A quokka zombie (D:5)
  10 rats
385 creatures vanquished.

Vanquished Creatures (collateral kills)
  A water moccasin (Lair:1)
1 creature vanquished.

Vanquished Creatures (others)
  31 fungi
  70 plants
101 creatures vanquished.

Grand Total: 487 creatures vanquished

Notes
Turn   | Place    | Note
-------+----------+-------------------------------------------
     0 | D:1      | Essalna the Deep Elf Air Elementalist began the quest for
                  | the Orb.
     0 | D:1      | Reached XP level 1. HP: 10/10 MP: 6/6
   225 | D:1      | Reached XP level 2. HP: 15/15 MP: 2/8
   692 | D:1      | Reached XP level 3. HP: 19/19 MP: 7/10
  1004 | D:2      | Found a broken altar of Ashenzari.
  1770 | D:3      | Reached skill level 4 in Spellcasting
  1895 | D:3      | Reached XP level 4. HP: 5/24 MP: 3/12
  1896 | D:3      | Reached XP level 5. HP: 7/28 MP: 3/14
  2148 | D:3      | Noticed Terence
  2160 | D:3      | Killed Terence
  2175 | D:3      | Reached skill level 5 in Spellcasting
  2482 | D:3      | Found a glowing silver altar of Zin.
  3024 | D:4      | Reached XP level 6. HP: 32/32 MP: 12/16
  3065 | D:4      | Reached skill level 6 in Spellcasting
  3065 | D:4      | Reached skill level 5 in Air Magic
  3068 | D:4      | Learned a level 2 spell: Swiftness
  3073 | D:4      | Learned a level 4 spell: Airstrike
  3857 | D:5      | Entered Level 5 of the Dungeon
  3867 | D:5      | Found a glowing drain.
  3872 | D:5      | Reached XP level 7. HP: 36/36 MP: 14/19
  3899 | Sewer    | Entered a sewer
  4036 | Sewer    | Noticed Purgy
  4048 | Sewer    | Killed Purgy
  4049 | Sewer    | Reached skill level 7 in Spellcasting
  4921 | D:4      | Noticed Menkaure
  4928 | D:4      | Killed Menkaure
  4929 | D:4      | Reached skill level 8 in Spellcasting
  5151 | D:4      | Found a staircase to the Ecumenical Temple.
  5288 | D:4      | Reached XP level 8. HP: 39/41 MP: 15/22
  5365 | Temple   | Entered the Ecumenical Temple
  5465 | Temple   | Became a worshipper of Vehumet
  5844 | D:6      | Reached skill level 9 in Spellcasting
  6308 | D:6      | Reached skill level 10 in Spellcasting
  6646 | D:6      | Found a burning altar of Makhleb.
  6658 | D:6      | Reached XP level 9. HP: 45/45 MP: 9/25
  6990 | D:7      | Reached skill level 11 in Spellcasting
  8062 | D:7      | Reached skill level 12 in Spellcasting
  8377 | D:7      | Reached skill level 10 in Air Magic
  8839 | D:8      | Reached * piety under Vehumet
  8839 | D:8      | Offered knowledge of Magic Dart by Vehumet.
  9278 | D:8      | Reached XP level 10. HP: 50/50 MP: 20/28
  9352 | D:8      | Reached skill level 13 in Spellcasting
 10122 | D:9      | Noticed Maurice
 10131 | D:9      | Noticed Psyche
 10139 | D:9      | Found a staircase to the Lair.
 10139 | D:9      | Identified the +1 robe of Gucupt {Rampage Int+2 SInv}
 10149 | D:10     | Entered Level 10 of the Dungeon
 10422 | D:9      | Reached skill level 1 in Armour
 10426 | D:9      | Reached skill level 1 in Fighting
 10524 | D:9      | Killed Psyche
 10932 | D:9      | Learned a level 5 spell: Fireball
 11192 | D:9      | Offered knowledge of Freeze by Vehumet.
 11261 | D:9      | Killed Maurice
 11264 | D:9      | Reached skill level 1 in Fire Magic
 11374 | D:9      | Reached ** piety under Vehumet
 11482 | D:9      | Found a shimmering blue altar of Sif Muna.
 11844 | D:9      | Found a bloodstained altar of Trog.
 11844 | D:9      | Found a white marble altar of Elyvilon.
 12112 | Lair:1   | Entered Level 1 of the Lair of Beasts
 12690 | D:9      | Reached skill level 5 in Dodging
 12908 | Lair:1   | Reached XP level 11. HP: 59/59 MP: 17/30
 12986 | Lair:1   | Learned a level 4 spell: Summon Lightning Spire
 13114 | Lair:1   | Noticed a six-headed hydra
 13122 | Lair:1   | Killed a six-headed hydra
 13226 | Lair:1   | You fall into a shaft and drop 1 floor!
 13793 | Lair:1   | Noticed Sonja
 13796 | Lair:1   | Killed Sonja
 14115 | Lair:2   | Reached skill level 14 in Spellcasting
 14117 | Lair:2   | Offered knowledge of Dazzling Flash by Vehumet.
 14767 | Lair:3   | Noticed Prince Ribbit
 14813 | Lair:2   | Killed Prince Ribbit
 15065 | Lair:3   | Reached *** piety under Vehumet
 15479 | Lair:3   | Reached skill level 5 in Fire Magic
 16266 | Lair:3   | Offered knowledge of Hailstorm by Vehumet.
 16328 | Lair:3   | Reached XP level 12. HP: 67/67 MP: 22/32
 16544 | Lair:3   | Found a staircase to the Shoals.
 17306 | Lair:4   | Reached skill level 5 in Fighting
 17432 | Lair:4   | Noticed a seven-headed hydra
 17437 | Lair:4   | Killed a seven-headed hydra
 17766 | Lair:4   | Reached skill level 15 in Spellcasting
 17924 | Lair:4   | Noticed a seven-headed hydra
 17928 | Lair:4   | Killed a seven-headed hydra
 17982 | Lair:4   | Noticed a five-headed hydra
 17987 | Lair:4   | Killed a five-headed hydra
 18091 | Lair:4   | Found a hole to the Spider Nest.
 18291 | Lair:4   | Got a pitted short sword
 18292 | Lair:4   | Identified the +7 short sword of Iqatesu {vorpal, rPois
                  | Str+2 Stlth+} (You found it on level 4 of the Lair of
                  | Beasts)
 18897 | Lair:5   | Found a staircase to the Slime Pits.
 19142 | Lair:5   | Reached **** piety under Vehumet
 19309 | Lair:5   | Found a runed translucent gate.
 19309 | Lair:5   | Found a runed translucent gate.
 19309 | Lair:5   | Found a runed translucent gate.
 19310 | Lair:5   | Noticed Morbidden's ghost (journeyman VSHu)
 19311 | Lair:5   | Noticed a nine-headed hydra
 19421 | Lair:5   | Noticed a five-headed hydra
 19433 | Lair:5   | Killed a five-headed hydra
 19701 | Lair:5   | Noticed Urug
 19706 | Lair:5   | Killed Urug
 19707 | Lair:5   | Reached skill level 1 in Shields
 19810 | Lair:5   | Got a pitted scale mail
 20158 | Lair:5   | Got a crystal broad axe
 20183 | Lair:5   | Killed a nine-headed hydra
 20187 | Lair:5   | Killed Morbidden's ghost
 20290 | Lair:6   | Entered Level 6 of the Lair of Beasts
 20295 | Lair:6   | Reached XP level 13. HP: 52/74 MP: 19/34
 20399 | Lair:5   | Offered knowledge of Frozen Ramparts by Vehumet.
 22244 | Lair:6   | Paralysed by a hornet for 1 turns
 22247 | Lair:6   | Gained mutation: You are dopey. (Int -2) [potion of
                  | mutation]
 22247 | Lair:6   | Gained mutation: You expend magic power (3 MP) to
                  | strengthen your wands. [potion of mutation]
 22253 | Lair:6   | Reached skill level 10 in Dodging
 22282 | Lair:6   | Reached skill level 16 in Spellcasting
 22393 | Lair:6   | Mangled by a boulder beetle

Illustrated notes

Levels and vault maps discovered:
D:1:      amcnicky_arrival_flooded_fountain, layout_rooms
D:2:      layout_loops_corners, overflow_temple_1_default
D:3:      cheibrodos_pilgrimage, layout_loops_ring, general_overflow_altar,
          uniq_terence
D:4:      layout_basic, minmay_temple_entry_proselytizer, uniq_menkaure
D:5:      layout_basic, cheibrodos_sewer_entry_sluice
D:6:      layout_cave_pools, basic_altar, st_stairs_8
D:7:      layout_loops_ring
D:8:      layout_rooms
D:9:      layout_basic, gammafunk_temple_overflow_elements, led_sif_pool,
          erik_lair_orcish_takeover, uniq_maurice, uniq_psyche
D:10:     layout_basic, enter_trove_0, uniq_erica
Temple:   minmay_temple_bridge_d
Lair:1:   layout_cave_shapes, chequers_serial_rivers_marsh, uniq_sonja
Lair:2:   layout_hall_layers, columned_hall_lemuel, serial_bayou_shore_b
Lair:3:   layout_small_grid, minmay_shoals_entry_lonely_mermaid,
          uniq_prince_ribbit2
Lair:4:   layout_regular_city, nicolae_spider_entry_tight_spaces,
          infiniplex_staircase_pool
Lair:5:   layout_cave_shapes, slime_dummy, gammafunk_ghost_hydra_chop,
          lemuel_fruit_tree, uniq_urug
Lair:6:   gammafunk_lair_ancient_temple, layout_regular_city, st_stairs_6

Skill      XL: |  1  2  3  4  5  6  7  8  9 10 11 12 13 |
---------------+----------------------------------------+-----
Conjurations   | 2 3 |  3.3
Spellcasting   | 4 5 6 8 10 12 13 14 15 16 | 16.0
Air Magic      | 4 5 6 8 10 11 12 | 12.9
Armour         | 3 |  3.0
Dodging        | 5 7 9 10 | 10.0
Fighting       | 2 4 6 |  6.7
Fire Magic     | 2 5 7 8 |  8.4
Shields        | 1 3 |  3.0
Stealth        | |  2.4

Action                   |  1- 3 |  4- 6 |  7- 9 | 10-12 | 13-15 || total
-------------------------+-------+-------+-------+-------+-------++-------
Melee: Whip              |     3 |       |       |       |       ||     3
       Dagger            |       |       |     5 |    38 |       ||    43
       Short sword       |       |       |       |       |    10 ||    10
 Cast: Shock             |    73 |   109 |   199 |    59 |     5 ||   445
       Airstrike         |       |       |    79 |   326 |   122 ||   527
       Swiftness         |       |       |       |     3 |     1 ||     4
       Summon Lightning  |       |       |       |     3 |       ||     3
       Fireball          |       |       |       |     2 |     2 ||     4
  Use: Scroll            |       |     7 |     3 |     5 |     9 ||    24
       Potion            |       |       |       |     2 |     6 ||     8
Armor: Robe              |     2 |     3 |     9 |    32 |    23 ||    69
Dodge: Dodged            |    13 |     4 |    37 |   105 |    55 ||   214

Table legend: (Time is in decaauts)
 A = Elapsed time spent in this place.
 B = Non-inter-level travel time spent in this place.
 C = Inter-level travel time spent in this place.
 D = Time resting spent in this place.
 E = Time spent auto-exploring this place.
 F = Levels seen in this place.
 G = Mean time per level.
                   A        B        C        D        E       F      G
               +--------+--------+--------+--------+--------+-----+--------+
         Total |  22419 |  21268 |   1151 |   2307 |  16694 |  18 | 1245.5 |
       Dungeon |  12310 |  11861 |    449 |    861 |   9696 |  10 | 1231.0 |
        Temple |    172 |     68 |    104 |      0 |     66 |   1 |  172.0 |
          Lair |   9613 |   9015 |    598 |   1446 |   6640 |   6 | 1602.2 |
         Sewer |    321 |    321 |      0 |      0 |    292 |   1 |  321.0 |
               +--------+--------+--------+--------+--------+-----+--------+

Top non-repeatable levels by time:
  Lair:5: 2857 daAuts
     D:9: 2532 daAuts
     D:7: 2066 daAuts
  Lair:3: 1962 daAuts
  Lair:4: 1891 daAuts
     D:4: 1453 daAuts
     D:3: 1314 daAuts
  Lair:1: 1182 daAuts
     D:6: 1113 daAuts
  Lair:2: 1050 daAuts
     D:8: 1035 daAuts
     D:5: 897 daAuts
     D:1: 880 daAuts
     D:2: 784 daAuts
  Lair:6: 670 daAuts
